 Dungeon Crawl Stone Soup version 0.31-a0-152-g6aa68a64a1 (webtiles) character file.

Game seed: 17635864859897451274

47 qw the Shooter (level 3, -5/32 HPs)
             Began as a Naga Hunter on June 9, 2023.
             Slain by a gnoll
             ... wielding a +0 flail
              (10 damage)
             ... on level 2 of the Dungeon.
             The game lasted 00:00:13 (518 turns).

qw the Shooter (Naga Hunter)                         Turns: 518, Time: 00:00:13

Health: -5/32      AC:  2    Str: 13    XL:     3   Next: 70%
Magic:  3/3        EV:  9    Int:  9    God:
Gold:   50         SH:  0    Dex: 16    Spells: 2/2 levels left

rFire   . . .        Y - +0 shortbow
rCold   . . .        (shield currently unavailable)
rNeg    . . .        c - +0 leather armour
rPois   +            (no helmet)
rElec   .            (no cloak)
rCorr   .            (no gloves)
SInv    +            (no barding)
Will    .....        (no amulet)
Stlth   ++           (no ring)
HPRegen 0.25/turn    (no ring)
MPRegen 0.08/turn

%: no passive effects
@: very slow
A: AC +1, large, see invisible, deformed body, poison resistance, slowness 2,
spit poison 1, naga tail 1
a: Spit Poison


You were on level 2 of the Dungeon.
You visited 1 branch of the dungeon, and saw 2 of its levels.

You collected 80 gold pieces.
You spent 30 gold pieces at shops.


Innate Abilities, Weirdness & Mutations

Your serpentine skin is tough. (AC +1)
You have supernaturally acute eyesight. (SInv)
Armour fits poorly on your strangely shaped body.
Your system is resistant to poisons. (rPois)
You cover ground very slowly.
You can spit poison.
You have a snake-like lower body.


   Skills:
 - Level 2.0 Fighting
 + Level 4.8 Ranged Weapons
 - Level 1.5 Dodging
 - Level 1.5 Stealth


You had 2 spell levels left.
You didn't know any spells.
Your spell library was empty.

Inventory:

Hand Weapons
 Y - a +0 shortbow (weapon)
Armour
 c - a +0 leather armour (worn)
Potions
 d - a potion of heal wounds {unknown}
 f - a potion of enlightenment {unknown}
 g - a potion of curing
 j - a potion of might {unknown}

Dungeon Overview and Level Annotations

Branches:
Dungeon (2/15)

Altars:

Shops:
D:1 !


Message History

The splash of poison hits the gnoll.
You kill the gnoll!
You shoot an arrow.
The arrow hits the gnoll but does no damage.
The gnoll is moderately wounded.
You shoot an arrow. The arrow barely misses the gnoll.
The gnoll hits you with a +0 whip.
You shoot an arrow. The arrow closely misses the gnoll. x2
The gnoll barely misses you.
You shoot an arrow. The arrow hits the gnoll.
The gnoll is severely wounded.
You have got your breath back.
The gnoll closely misses you. x2; The gnoll barely misses you.
The gnoll misses you.
512 ||| INVOKING Spit Poison.
Aiming: Spit Poison (2% risk of failure)
Press: ? - help, Shift-Dir - straight line, f/p - gnoll The splash of poison hits the gnoll.
The gnoll is poisoned.
The gnoll is severely wounded.
The gnoll barely misses you. The gnoll hits you with a +0 flail!
You shoot an arrow. The arrow barely misses the gnoll.
The gnoll barely misses you. x2
You shoot an arrow. The arrow hits the gnoll!
You kill the gnoll!
The gnoll hits you with a +0 flail!
You shoot an arrow. The arrow hits the gnoll.
The gnoll is moderately wounded.
The gnoll hits you with a +0 flail.
You shoot an arrow. The arrow closely misses the gnoll.
The gnoll completely misses you.
You shoot an arrow.
The arrow hits the gnoll but does no damage.
The gnoll is moderately wounded.
The gnoll barely misses you.
You shoot an arrow.
The arrow hits the gnoll but does no damage.
The gnoll is moderately wounded.
You have got your breath back.
The gnoll hits you with a +0 flail!
You die...

....#...##
#### ######.##
#....# #.#..#
#...## ##.##
#.# #.########
# #@........
#..##)g#######
#gg.)..#
#.####.## #.#
#.# #.. ##. .


You could see a gnoll.

Vanquished Creatures
  3 gnolls (D:2)
  3 giant cockroaches
  A goblin (D:1)
  4 hobgoblins
  2 bats (D:1)
  A frilled lizard (D:1)
  3 kobolds
  A rat (D:1)
18 creatures vanquished.

Notes
Turn   | Place    | Note
-------+----------+-------------------------------------------
     0 | D:1      | qw the Naga Hunter began the quest for the Orb.
     0 | D:1      | Reached XP level 1. HP: 19/19 MP: 1/1
     0 | D:1      | 0 ||| qw: Version: 0.2-a-122-gbc61b45
     0 | D:1      | 0 ||| qw: Game counter: 3306
     0 | D:1      | 0 ||| qw: Always use a shield: true
     0 | D:1      | 0 ||| qw: God list: Okawaru
     0 | D:1      | 0 ||| qw: Allow faded altars: false
     0 | D:1      | 0 ||| qw: Do Orc after D:15 true
     0 | D:1      | 0 ||| qw: Do second Lair branch before Depths: true
     0 | D:1      | 0 ||| qw: Lair rune preference: random
     0 | D:1      | 0 ||| qw: Plans: Normal
     0 | D:1      | 0 ||| PLANNING D:1-11
    26 | D:1      | 26 ||| INVOKING Spit Poison.
    73 | D:1      | 73 ||| INVOKING Spit Poison.
    95 | D:1      | 95 ||| INVOKING Spit Poison.
   110 | D:1      | Found Aruys's Distillery.
   120 | D:1      | 120 ||| SHOPLISTING 2 potions of curing (60 gold, have 53).
   120 | D:1      | 120 ||| SHOPLISTING potion of cancellation (80 gold, have
                  | 53).
   120 | D:1      | 120 ||| BUYING potion of curing (30 gold).
   120 | D:1      | Bought a potion of curing for 30 gold pieces
   120 | D:1      | 120 ||| SHOPLISTING potion of curing (30 gold, have 23).
   120 | D:1      | 120 ||| SHOPLISTING potion of heal wounds (50 gold, have
                  | 23).
   165 | D:1      | Reached skill level 4 in Ranged Weapons
   165 | D:1      | Reached XP level 2. HP: 26/26 MP: 2/2
   176 | D:1      | 176 ||| INVOKING Spit Poison.
   260 | D:1      | 260 ||| INVOKING Spit Poison.
   322 | D:1      | 322 ||| INVOKING Spit Poison.
   386 | D:1      | 386 ||| READING scroll labelled FOTRIFUROU.
   387 | D:1      | 387 ||| READING scroll labelled HIPEADD VOOX.
   390 | D:1      | 390 ||| READING scroll labelled RAJIOREUVA.
   391 | D:1      | 391 ||| DROPPING scroll of butterflies.
   410 | D:2      | 410 ||| INVOKING Spit Poison.
   411 | D:2      | 411 ||| INVOKING Spit Poison.
   412 | D:2      | 412 ||| INVOKING Spit Poison.
   417 | D:2      | 417 ||| INVOKING Spit Poison.
   498 | D:2      | 498 ||| INVOKING Spit Poison.
   499 | D:2      | 499 ||| Stepping ~*~*~tactically~*~*~ (outnumbered).
   501 | D:2      | 501 ||| Stepping ~*~*~tactically~*~*~ (outnumbered).
   502 | D:2      | 502 ||| INVOKING Spit Poison.
   505 | D:2      | Reached XP level 3. HP: 29/32 MP: 3/3
   507 | D:2      | 507 ||| INVOKING Spit Poison.
   512 | D:2      | 512 ||| INVOKING Spit Poison.
   515 | D:2      | HP: 4/32 [gnoll/+0 flail (5)]
   518 | D:2      | Slain by a gnoll

Levels and vault maps discovered:
D:1:      dpeg_arrival_leaves_temple_mockup, layout_rooms, serial_shops,
          nicolae_lakefront_shop
D:2:      layout_loops_ring, serial_shops, nicolae_shop_statue_plus,
          kennysheep_nondescript

Skill      XL: |  1 |
---------------+----+-----
Ranged Weapons | 4 |  4.8
Fighting       | |  2.0
Dodging        | |  1.5
Stealth        | |  1.5

Action                     || total
---------------------------++-------
   Fire: Shortbow          ||    35
Ability: Spit Poison       ||    12
    Use: Scroll            ||     3
 Armour: Leather armour    ||     2
  Dodge: Dodged            ||    24

Table legend:
 A = Non-vault XP
 B = Vault XP
 C = Vault XP percentage of total XP
 D = Non-vault monster count
 E = Vault monster count
 F = Vault count percentage of total count
                 A         B        C        D         E       F
            +---------+---------+-------+---------+---------+-------
      Total |      68 |       0 |   0.0 |      18 |       0 |   0.0
            +---------+---------+-------+---------+---------+-------
        D:1 |      19 |       0 |   0.0 |      12 |       0 |   0.0
        D:2 |      49 |       0 |   0.0 |       6 |       0 |   0.0
            +---------+---------+-------+---------+---------+-------
